 Dungeon Crawl Stone Soup version 0.29-a0-90-gc37658a0fe (webtiles) character file.

Game seed: 16969586425078355332

4187 cyrus the Covered (level 10, -10/72 HPs)
             Began as a Djinni Fighter on Feb 6, 2022.
             Was a High Priest of Jiyva.
             Mangled by Maggie (12 damage)
             ... on level 10 of the Dungeon.
             The game lasted 00:30:11 (7817 turns).

cyrus the Covered (Djinni Fighter)                  Turns: 7817, Time: 00:30:12

Health: -10/72     AC: 14    Str: 15    XL:     10   Next: 53%
Gold:   306        EV:  5    Int: 12    God:    Jiyva [*****.] SH:  5 Dex: 15

rFire   + + +      SeeInvis +   n - +1 trident (flame)
rCold   x . .      Faith    .   c - +0 buckler
rNeg    . . .      Spirit   .   o - +0 plate armour
rPois   ∞          Reflect  .   (no helmet)
rElec   .          Harm     .   (no cloak)
rCorr   +          Rampage  .   f - +0 pair of gloves
Will    ++++.                   (boots unavailable)
Stlth   ..........              t - amulet of magic regeneration
HPRegen 1.66/turn               h - ring of protection from fire
MPRegen 0.00/turn               (no ring)

@: calling ooze, flying
A: sickness immunity, fire resistance 3, cold vulnerability 1, float, innate
caster, HP casting, extra vitality 1, strong-willed 3, eyeballs 3, noise
suppression
a: Renounce Religion, Oozemancy, Slimify


You were on level 10 of the Dungeon.
You worshipped Jiyva.
Jiyva was extremely pleased with you.
You visited 1 branch of the dungeon, and saw 10 of its levels.
You also visited: Sewer and Ossuary.

You collected 306 gold pieces.

Inventory:

Hand Weapons
 a - a +0 long sword
 j - a +0 hunting sling
 n - a +1 trident of flaming (weapon)
Missiles
 l - 205 stones (quivered)
 p - a throwing net
Armour
 b - a +0 scale mail
 c - a +0 buckler (worn)
 f - a +0 pair of gloves (worn)
 o - a +0 plate armour (worn)
Jewellery
 h - a ring of protection from fire (left hand)
 t - an amulet of magic regeneration (around neck)
Wands
 z - a wand of polymorph (13)
Scrolls
 g - 6 scrolls of identify {unknown}
 r - a scroll of brand weapon {unknown}
 s - a scroll of immolation {unknown}
 u - a scroll of teleportation {unknown}
 v - 2 scrolls of magic mapping {unknown}
 w - a scroll of vulnerability {unknown}
 y - a scroll of fear {unknown}
 A - a scroll of fog {unknown}
 B - a scroll of enchant weapon {unknown}
Potions
 e - 3 potions of curing {unknown}
 i - a potion of resistance {unknown}
 k - 4 potions of haste {unknown}
 m - 2 potions of lignification {unknown}
 q - a potion of berserk rage {unknown}
 x - a potion of degeneration {unknown}
Miscellaneous
 d - a condenser vane (inert)


   Skills:
 + Level 6.1 Fighting
 + Level 6.2 Long Blades
 + Level 5.0 Polearms
 + Level 7.5 Armour
 + Level 2.8 Dodging
 + Level 3.9 Stealth
 + Level 5.6 Shields
 + Level 1.3 Evocations


You couldn't memorise any spells.
You knew the following spells:

 Your Spells              Type           Power      Damage    Failure   Level
a - Sandblast             Erth           0%         2d4       100%        1
b - Corpse Rot            Necr/Air       0%         N/A       100%        2
c - Vampiric Draining     Necr           0%         2d6       100%        3
d - Conjure Flame         Conj/Fire      0%         6-21      100%        3
Your spell library was empty.


Dungeon Overview and Level Annotations

Branches:
Dungeon (10/15)            Temple (0/1) D:6            Lair (0/6) D:8
  Sewer (visited)         Ossuary (visited)
    Orc: D:9-12

Altars:
Ashenzari
Fedhas
Gozag
Kikubaaqudgha
Makhleb
Okawaru
Qazlal
Sif Muna
Vehumet
Wu Jian
Yredelemnul
Jiyva

Shops:
D:2 [   D:5 (

Annotations:
D:10 Maggie


Innate Abilities, Weirdness & Mutations

You are immune to sickness and miasma.
You are immune to poison.
Your flesh is almost immune to the effects of heat. (rF+++)
You are vulnerable to cold. (rC-)
You float through the air rather than walking.
You learn spells naturally, not from books.
Your magical power is your life essence.
You have superior vitality. (+4 MHP)
You are extremely strong-willed. (Will+++)
Your body is covered in eyes which may confuse attackers. (Acc +7, SInv)
You passively dampen the noise of your surroundings.


Message History

There is a stone staircase leading up here.
s - a scroll labelled ZEUM DYM YTEU Maggie and a two-headed ogre come into view.
Maggie is wielding a +0 scimitar of pain.
Found 15 gold pieces.
Maggie shouts!
The two-headed ogre shouts in stereo!
Maggie mumbles some strange words.
Maggie attempts to bespell you! You resist with almost no effort.
The two-headed ogre hits you with a +0 giant club! x2
Maggie hits you but does no damage.
You closely miss Maggie. Maggie hits you but does no damage.
You writhe in agony.
You hit Maggie but do no damage.
The two-headed ogre hits you with a +0 giant club!
The two-headed ogre barely misses you. You block Maggie's attack.
You hit Maggie. You burn Maggie.
Maggie is lightly wounded.
The two-headed ogre barely misses you.
The two-headed ogre hits you with a +0 giant club!
The eyeballs on your body gaze at the two-headed ogre.
Maggie casts a spell.
Maggie attempts to bespell you! You resist with almost no effort.
You hit Maggie but do no damage.
Maggie is lightly wounded.
The two-headed ogre hits you with a +0 giant club!
* * * LOW HITPOINT WARNING * * *
The two-headed ogre hits you with a +0 giant club!
* * * LOW HITPOINT WARNING * * *
Maggie hits you with a +0 scimitar of pain.
* * * LOW HITPOINT WARNING * * *
You writhe in agony.
* * * LOW HITPOINT WARNING * * *
Activating: Oozemancy (1% risk of failure)
Press: ? - help, Dir - look around, f - activate Look: Maggie, wielding a +0 scimitar of pain and wearing +0 steam dragon scales (lightly wounded) Slime begins to ooze from the nearby walls!
The walls burn Maggie!
Maggie says, "How do the people who live here stand the isolation?"
Maggie hits you with a +0 scimitar of pain!
You die...

#. ####.####
#.......# #.......#
#........ #.......#
#.$...O@### #.
#.@..### #.
#......#### #.
#.........########.
########.......<##.
##.......##.
#######.<..
#####... #.......
#.......


You could see Maggie and a two-headed ogre (confused).

Vanquished Creatures
  Pikel (D:9)
  A troll (D:6)
  Grinder (D:4)
  A wyvern (D:9)
  A steam dragon (D:8)
  The ghost of Cecur the Ducker, an amateur OpWn (D:3)
  An acid dragon (D:9)
  2 water moccasins (D:9)
  A sky beast (D:8)
  An orc warrior (D:6)
  An ice beast (D:5)
  A necrophage (D:7)
  A centaur (D:6)
  A phantom (D:6)
  4 lemures (D:9)
  The ghost of SmokeWeed the Sneak, an amateur SpBr (D:3)
  An elf zombie (Ossuary)
  A bullfrog (D:8)
  2 scorpions (D:5)
  A water moccasin skeleton (D:3)
  A killer bee (D:9)
  7 wights (D:8)
  A howler monkey (D:7)
  3 centaur zombies
  A gnoll shaman (D:9)
  An orc priest (D:9)
  A centaur skeleton (D:6)
  2 iguanas
  3 orc wizards
  3 mummies
  A howler monkey zombie (D:8)
  Robin (D:3)
  12 gnolls
  7 adders
  A shadow imp (D:6)
  An ufetubus (D:6)
  An adder zombie (Ossuary)
  3 worms
  2 dart slugs
  15 orcs
  8 ball pythons
  2 bats
  4 endoplasms (D:1)
  7 giant cockroaches
  35 goblins
  28 hobgoblins
  4 jackals
  12 kobolds
  4 quokkas
  3 frilled lizards
  3 goblin zombies (Ossuary)
  7 hobgoblin zombies (Ossuary)
  7 kobold zombies (Ossuary)
  12 orc zombies (Ossuary)
  10 rats
  4 rat zombies (Ossuary)
242 creatures vanquished.

Vanquished Creatures (collateral kills)
  Harold (D:9)
  A kobold brigand (D:9)
2 creatures vanquished.

Vanquished Creatures (others)
  A sky beast (D:5)
  A black bear (D:6)
  A centaur (D:8)
  A scorpion (D:6)
  4 jellies
  2 killer bees (D:9)
  A bullfrog skeleton (D:7)
  An orc wizard (D:6)
  A hound zombie (D:5)
  2 gnolls (D:5)
  3 adders
  A white imp (D:5)
  An adder zombie (D:5)
  An orc (D:9)
  A ball python (D:1)
  4 endoplasms
  4 giant cockroaches
  6 goblins
  7 hobgoblins
  4 jackals
  A bat (D:2)
  4 frilled lizards (Sewer)
  10 kobolds
  6 rats
  3 withered plants (D:3)
71 creatures vanquished.

Grand Total: 315 creatures vanquished

Notes
Turn   | Place    | Note
-------+----------+-------------------------------------------
     0 | D:1      | cyrus the Djinni Fighter began the quest for the Orb.
     0 | D:1      | Reached XP level 1. HP: 20/20 MP: 0/0
     1 | D:1      | Found a runed translucent door.
   145 | D:1      | Reached XP level 2. HP: 16/25 MP: 0/0
   550 | D:1      | Reached XP level 3. HP: 24/30 MP: 0/0
   550 | D:1      | Learned a level 1 spell: Sandblast
   679 | D:1      | Found a faded altar of an unknown god.
   693 | D:1      | Prayed at the altar of an unknown god.
   693 | D:1      | Became a worshipper of Jiyva Jutsoda the Shapeless
   693 | D:1      | Reached * piety under Jiyva
  1290 | D:2      | Reached ** piety under Jiyva
  1331 | D:2      | Found an ornate altar of the Wu Jian Council.
  1399 | D:2      | Reached XP level 4. HP: 34/35 MP: 0/0
  1619 | D:2      | Found Mofer's Armour Emporium.
  1877 | D:3      | Noticed Robin
  2093 | D:3      | Reached *** piety under Jiyva
  2142 | D:3      | Reached XP level 5. HP: 40/40 MP: 0/0
  2142 | D:3      | Learned a level 2 spell: Corpse Rot
  2172 | D:3      | Gained mutation: Your body has grown eyes which may confuse
                  | attackers. (Acc +3) [Jiyva's grace]
  2172 | D:3      | Gained mutation: Your body has grown many eyes which may
                  | confuse attackers. (Acc +5) [Jiyva's grace]
  2172 | D:3      | Gained mutation: Your body is covered in eyes which may
                  | confuse attackers. (Acc +7, SInv) [Jiyva's grace]
  2172 | D:3      | Gained mutation: You are agile. (Dex +2) [Jiyva's grace]
  2177 | D:3      | Reached skill level 4 in Armour
  2184 | D:3      | Killed Robin
  2401 | D:3      | Found a runed translucent gate.
  2401 | D:3      | Found a runed translucent gate.
  2402 | D:3      | Found a runed translucent gate.
  2403 | D:3      | Noticed SmokeWeed's ghost (amateur SpBr)
  2403 | D:3      | Noticed Cecur's ghost (amateur OpWn)
  2427 | D:3      | Killed Cecur's ghost
  2428 | D:3      | Reached skill level 1 in Dodging
  2428 | D:3      | Reached XP level 6. HP: 47/47 MP: 0/0
  2429 | D:3      | Killed SmokeWeed's ghost
  2684 | D:4      | Noticed Grinder
  2698 | D:4      | Killed Grinder
  2699 | D:4      | Reached skill level 1 in Stealth
  2699 | D:4      | Reached XP level 7. HP: 52/52 MP: 0/0
  2699 | D:4      | Learned a level 3 spell: Vampiric Draining
  2717 | D:4      | Reached **** piety under Jiyva
  2752 | D:4      | Found an opulent altar of Gozag.
  2816 | D:4      | Found a basalt altar of Yredelemnul.
  2863 | D:4      | Found a blossoming altar of Fedhas.
  2998 | D:4      | Found a glowing drain.
  3083 | D:4      | Found a stormy altar of Qazlal.
  3368 | Sewer    | Entered a sewer
  3454 | Sewer    | Found a viscous altar of Jiyva.
  3642 | D:5      | Entered Level 5 of the Dungeon
  3710 | D:5      | Reached skill level 5 in Long Blades
  3798 | D:5      | Found an iron altar of Okawaru.
  3802 | D:5      | Gained mutation: You passively dampen the noise of your
                  | surroundings. [Jiyva's grace]
  3802 | D:5      | Gained mutation: Your rubbery body absorbs attacks. (AC +1,
                  | EV +1) [Jiyva's grace]
  3802 | D:5      | Gained mutation: Your pliable body absorbs attacks. (AC +2,
                  | EV +2) [Jiyva's grace]
  3802 | D:5      | Gained mutation: Your gelatinous body deflects attacks. (AC
                  | +3, EV +3) [Jiyva's grace]
  3877 | D:5      | Found a broken altar of Ashenzari.
  3881 | D:5      | Found a burning altar of Makhleb.
  4017 | D:5      | Reached ***** piety under Jiyva
  4030 | D:5      | Found Eseom's Weapon Shoppe.
  4277 | D:5      | Reached XP level 8. HP: 48/58 MP: 0/0
  4637 | D:5      | Reached skill level 5 in Armour
  4931 | D:6      | Found a staircase to the Ecumenical Temple.
  5433 | D:6      | Noticed a troll
  5440 | D:6      | Killed a troll
  5441 | D:6      | Reached skill level 5 in Fighting
  5441 | D:6      | Reached skill level 1 in Polearms
  5441 | D:6      | Reached XP level 9. HP: 65/65 MP: 0/0
  5441 | D:6      | Learned a level 3 spell: Conjure Flame
  5956 | D:7      | Found a sand-covered staircase.
  5967 | Ossuary  | Entered an ossuary
  6360 | D:7      | Lost mutation: You are agile. (Dex +2) [Jiyva's grace]
  6360 | D:7      | Lost mutation: Your gelatinous body deflects attacks. (AC
                  | +3, EV +3) [Jiyva's grace]
  6360 | D:7      | Lost mutation: Your pliable body absorbs attacks. (AC +2,
                  | EV +2) [Jiyva's grace]
  6360 | D:7      | Lost mutation: Your rubbery body absorbs attacks. (AC +1,
                  | EV +1) [Jiyva's grace]
  6360 | D:7      | Gained mutation: You are strong-willed. (Will+) [Jiyva's
                  | grace]
  6360 | D:7      | Gained mutation: You are highly strong-willed. (Will++)
                  | [Jiyva's grace]
  6360 | D:7      | Gained mutation: You are extremely strong-willed. (Will+++)
                  | [Jiyva's grace]
  6360 | D:7      | Gained mutation: Your flesh is almost immune to the effects
                  | of heat. (rF+++) [Jiyva's grace]
  6459 | D:8      | Upgraded the game from 0.29-a0-88-g03a7b78be7 to
                  | 0.29-a0-90-gc37658a0fe
  6493 | D:8      | Reached skill level 6 in Armour
  6544 | D:8      | Found a staircase to the Lair.
  7140 | D:9      | Noticed Pikel
  7151 | D:9      | Reached skill level 5 in Shields
  7201 | D:9      | Killed Pikel
  7202 | D:9      | Reached skill level 7 in Armour
  7202 | D:9      | Reached XP level 10. HP: 33/72 MP: 0/0
  7366 | D:9      | Reached skill level 1 in Evocations
  7506 | D:9      | Noticed Harold
  7525 | D:9      | Killed Harold
  7712 | D:9      | Reached skill level 5 in Polearms
  7782 | D:10     | Entered Level 10 of the Dungeon
  7810 | D:10     | Noticed Maggie
  7810 | D:10     | Noticed a two-headed ogre
  7817 | D:10     | Mangled by Maggie

Illustrated notes

Levels and vault maps discovered:
D:1:      dpeg_arrival_caged_fury, layout_basic,
          shapermc_ecumenical_altar_notcrosses
D:2:      layout_loops_cross, basic_altar, serial_shops, shop
D:3:      layout_basic, kiku_gazebo_garden_becter, gammafunk_ghost_cemetery,
          glass_columns_a, uniq_robin
D:4:      layout_gridville, mainiacjoe_overflow_24_doors, lemuel_tele_altar,
          old_standard_altar, mainiacjoe_overflow_surrounded_room,
          cheibrodos_sewer_entry_drain, uniq_grinder
D:5:      minmay_goblin_kobold_castle, layout_basic,
          nicolae_overflow_hidden_temple, serial_shops, kennysheep_mini_moat,
          minmay_puff
D:6:      layout_basic, minmay_temple_entry_arrows, chequers_decorated_corner,
          grunt_decor_cap, minmay_manual_moon
D:7:      layout_basic, gup_ossuary_entry_pyramid
D:8:      layout_loops_ring, lair_entry_dummy
D:9:      layout_cross, uniq_pikel, uniq_harold
D:10:     layout_rooms, mainiacjoe_overflow_small_starburst, enter_bailey_7,
          minmay_sticks_and_stones, uniq_maggie, uniq_maurice, uniq_grum

Skill      XL: |  1  2  3  4  5  6  7  8  9 10 |
---------------+-------------------------------+-----
Long Blades    | 2 3 4 5 6 |  6.2
Armour         | 4 5 7 |  7.5
Dodging        | 1 2 |  2.8
Fighting       | 4 5 6 |  6.1
Stealth        | 1 3 |  3.9
Shields        | 4 5 |  5.6
Polearms       | 1 4 5 |  5.0
Evocations     | 1 |  1.3

Action                   |  1- 3 |  4- 6 |  7- 9 | 10-12 || total
-------------------------+-------+-------+-------+-------++-------
Melee: Long sword        |    77 |   110 |   192 |       ||   379
       Trident           |       |       |   272 |    47 ||   319
Invok: Oozemancy         |       |       |     3 |     1 ||     4
       Slimify           |       |       |       |     1 ||     1
Evoke: Wand              |       |     3 |     9 |     3 ||    15
       Condenser vane    |       |     1 |     1 |       ||     2
  Use: Potion            |       |     1 |     1 |       ||     2
 Stab: Confused          |       |     4 |    15 |     1 ||    20
Armor: Scale mail        |    54 |    63 |   117 |       ||   234
       Plate armour      |       |       |   223 |    28 ||   251
Dodge: Dodged            |    30 |    75 |   214 |    16 ||   335
Block: Buckler           |    22 |    17 |   175 |    12 ||   226

Table legend: (Time is in decaauts)
 A = Elapsed time spent in this place.
 B = Non-inter-level travel time spent in this place.
 C = Inter-level travel time spent in this place.
 D = Time resting spent in this place.
 E = Time spent auto-exploring this place.
 F = Levels seen in this place.
 G = Mean time per level.
                   A        B        C        D        E       F      G
               +--------+--------+--------+--------+--------+-----+--------+
         Total |   7974 |   7957 |     17 |    427 |   4868 |  12 |  664.5 |
       Dungeon |   7417 |   7400 |     17 |    427 |   4702 |  10 |  741.7 |
         Sewer |    238 |    238 |      0 |      0 |    105 |   1 |  238.0 |
       Ossuary |    318 |    318 |      0 |      0 |     61 |   1 |  318.0 |
               +--------+--------+--------+--------+--------+-----+--------+

Top non-repeatable levels by time:
     D:1: 1254 daAuts
     D:5: 1236 daAuts
     D:2: 781 daAuts
     D:4: 769 daAuts
     D:8: 705 daAuts
     D:6: 681 daAuts
     D:3: 666 daAuts
     D:9: 653 daAuts
     D:7: 633 daAuts
 Ossuary: 318 daAuts
   Sewer: 238 daAuts
    D:10: 35 daAuts
